 Dungeon Crawl Stone Soup version 0.28.0-43-g3370ac3207 (webtiles) character file.

Game seed: 2871901853700838769

780 TheDeanity the Chucker (level 7, -18/70 HPs)
             Began as a Troll Fighter on Mar 17, 2022.
             Killed from afar by Maggie (24 damage)
             ... with a bolt of fire
             ... on level 6 of the Dungeon.
             The game lasted 00:12:58 (4483 turns).

TheDeanity the Chucker (Troll Fighter)              Turns: 4483, Time: 00:12:59

Health: -18/70     AC:  4    Str: 27    XL:     7   Next: 55%
Magic:  6/6        EV:  8    Int:  4    God:
Gold:   206        SH:  7    Dex:  9    Spells: 6/6 levels left

rFire   . . .      SeeInvis .   (no weapon)
rCold   . . .      Faith    .   c - +0 kite shield
rNeg    . . .      Spirit   .   b - +0 robe
rPois   .          Reflect  .   (helmet restricted)
rElec   .          Harm     .   (no cloak)
rCorr   .          Rampage  .   (gloves unavailable)
Will    .....                   (boots unavailable)
Stlth   +.........              (no amulet)
HPRegen 1.01/turn               p - ring of wizardry
MPRegen 0.10/turn               (no ring)

@: mesmerised, hasted, very quick
A: large, unfitting armour, claws 3, regeneration 1, shaggy fur 1, tough skin 1
a: no special abilities


You were on level 6 of the Dungeon.
You visited 1 branch of the dungeon, and saw 6 of its levels.
You also visited: Sewer.

You collected 206 gold pieces.

Inventory:

Hand Weapons
 a - a +0 vorpal flail
 r - a +0 giant spiked club
Missiles
 o - 102 stones (quivered)
Armour
 b - a +0 robe (worn)
 c - a +0 kite shield (worn)
Jewellery
 p - a ring of wizardry (left claw)
Wands
 n - a wand of paralysis (10)
 C - a wand of charming (1)
Scrolls
 e - 3 scrolls of teleportation
 f - 2 scrolls of immolation
 h - a scroll of acquirement {unknown}
 i - a scroll of vulnerability {unknown}
 k - 2 scrolls of blinking {unknown}
 m - a scroll of amnesia {unknown}
 s - 2 scrolls of magic mapping {unknown}
 u - 2 scrolls of enchant weapon {unknown}
 x - a scroll of enchant armour {unknown}
 y - 2 scrolls of noise {unknown}
 B - a scroll of fog {unknown}
Potions
 d - 2 potions of might
 g - 5 potions of lignification
 j - a potion of ambrosia {unknown}
 l - 2 potions of haste
 q - a potion of brilliance
 t - a potion of mutation {unknown}
 v - a potion of heal wounds {unknown}
 w - 5 potions of curing {unknown}
 z - 3 potions of attraction {unknown}
 A - a potion of berserk rage {unknown}
 D - a potion of flight {unknown}


   Skills:
 + Level 4.3 Fighting
 + Level 4.6 Maces & Flails
 * Level 4.8 Throwing
 - Level 2.4 Dodging
 - Level 2.4 Shields


You had 6 spell levels left.
You didn't know any spells.
Your spell library was empty.

Dungeon Overview and Level Annotations

Branches:
Dungeon (6/15)              Sewer (visited)
 Temple: D:4-7

Altars:
Dithmenos

Annotations:
D:4 Sigmund
D:5 3 runed translucent doors, PerfectTommy's ghost, novice MiBe
D:6 Maggie


Innate Abilities, Weirdness & Mutations

You are too large for most types of armour.
You have claws for hands.
Your natural rate of healing is unusually fast.
You are covered in fur. (AC +1)
You have tough skin. (AC +1)


Message History

You throw a stone. The stone hits Maggie.
Maggie is lightly wounded.
Maggie casts a spell at you. The bolt of fire hits you!
Throw: 105 stones
Press: ? - help, Q - select action, (/) - cycle Shift-Dir - straight line, f/p - Maggie
Aim: Maggie, wielding a +2 long sword of flaming and wearing +1 steam dragon scales (lightly wounded, mesmerising, 59% to hit)
You throw a stone.
The stone hits Maggie but does no damage.
Maggie is lightly wounded.
Maggie drinks a potion.
Maggie's spells are empowered!
Throw: 104 stones
Press: ? - help, Q - select action, (/) - cycle Shift-Dir - straight line, f/p - Maggie
Aim: Maggie, wielding a +2 long sword of flaming and wearing +1 steam dragon scales (lightly wounded, mesmerising, spells empowered, 59% to hit)
You throw a stone.
The stone hits Maggie but does no damage.
Maggie is lightly wounded.
Throw: 103 stones
Press: ? - help, Q - select action, (/) - cycle Shift-Dir - straight line, f/p - Maggie
Aim: Maggie, wielding a +2 long sword of flaming and wearing +1 steam dragon scales (lightly wounded, mesmerising, spells empowered, 59% to hit)
You throw a stone.
The stone hits Maggie but does no damage.
Maggie is lightly wounded.
You claw Maggie!
Maggie is lightly wounded.
Maggie hits you with a +2 long sword of flaming!
Maggie burns you.
You claw Maggie!
Maggie is moderately wounded.
Maggie hits you with a +2 long sword of flaming!
Maggie burns you.
You closely miss Maggie.
Maggie is moderately wounded.
Maggie gestures at you while chanting. The bolt of fire hits you!!
* * * LOW HITPOINT WARNING * * *
You feel yourself speed up.
Maggie points at you and mumbles some strange words.
The bolt of fire hits you!!
You die...

### # ##########.##
.## #...........#
#.#####.########.##
................(#
#.######.######..#
.#######.# #.@#
......##.#
#..@>((...
#####.##.#
##.#######
#####.##.# #.#
.......... ...
########## ##. # .
# .# #


You could see Maggie (mesmerising, empowered).

Vanquished Creatures
  An ogre (D:2)
  A centaur (D:5)
  A scorpion (D:5)
  A jelly (D:6)
  2 hounds (D:5)
  A gnoll shaman (D:5)
  A centaur skeleton (D:5)
  Ijyb (D:5)
  Terence (D:2)
  2 orc wizards (D:5)
  2 hound skeletons (D:4)
  10 gnolls
  5 adders
  3 river rats (Sewer)
  4 worms
  9 orcs
  4 ball pythons
  9 bats
  8 endoplasms
  4 giant cockroaches
  3 goblins (D:5)
  15 hobgoblins
  4 jackals
  A quokka (D:1)
  11 frilled lizards
  5 kobolds
  15 rats
124 creatures vanquished.

Notes
Turn   | Place    | Note
-------+----------+-------------------------------------------
     0 | D:1      | TheDeanity the Troll Fighter began the quest for the Orb.
     0 | D:1      | Reached XP level 1. HP: 22/22 MP: 0/0
   154 | D:1      | Reached XP level 2. HP: 29/29 MP: 1/1
   602 | D:1      | Found a faded altar of an unknown god.
   900 | D:2      | Reached XP level 3. HP: 32/36 MP: 2/2
  1113 | D:2      | Reached XP level 4. HP: 31/45 MP: 3/3
  1155 | D:2      | Reached skill level 1 in Throwing
  1367 | D:2      | Noticed Terence
  1384 | D:2      | Killed Terence
  1401 | D:2      | Found a shadowy altar of Dithmenos.
  1493 | D:2      | Noticed an ogre
  1525 | D:2      | Killed an ogre
  1526 | D:2      | Reached XP level 5. HP: 53/53 MP: 4/4
  1998 | D:3      | Found a glowing drain.
  2036 | Sewer    | Entered a sewer
  2186 | Sewer    | Reached XP level 6. HP: 58/61 MP: 5/5
  3128 | D:4      | Noticed Sigmund
  3240 | D:5      | Entered Level 5 of the Dungeon
  3251 | D:5      | Found a runed translucent gate.
  3251 | D:5      | Found a runed translucent gate.
  3251 | D:5      | Found a runed translucent gate.
  3256 | D:5      | Noticed PerfectTommy's ghost (novice MiBe)
  3511 | D:5      | Noticed Ijyb
  3529 | D:5      | Killed Ijyb
  3579 | D:5      | Reached XP level 7. HP: 63/68 MP: 6/6
  4473 | D:6      | Noticed Maggie
  4483 | D:6      | Killed from afar by Maggie

Illustrated notes

Levels and vault maps discovered:
D:1:      dpeg_arrival_simpleton_c, layout_basic,
          chequers_ecumenical_altar_grove, serial_bayou_lake_a
D:2:      layout_basic, basic_altar, uniq_terence
D:3:      wad_pebble_path, layout_basic, portal_sewer_entry_b,
          mrwooster_statue_mirror
D:4:      layout_basic, gammafunk_ghost_necromancy, uniq_menkaure, uniq_sigmund
D:5:      corexii_shack_village, layout_gridville, ebering_ghost_rock_garden,
          uniq_ijyb
D:6:      layout_loops_ring, mainiacjoe_overflow_boulevard,
          minmay_misc_feat_nine_boxes, uniq_maggie, uniq_crazy_yiuf_cottage

Skill      XL: |  1  2  3  4  5  6  7 |
---------------+----------------------+-----
Maces & Flails | 2 3 4 |  4.6
Fighting       | 3 4 |  4.3
Throwing       | 2 3 4 |  4.8
Dodging        | |  2.4
Shields        | |  2.4

Action                   |  1- 3 |  4- 6 |  7- 9 || total
-------------------------+-------+-------+-------++-------
Melee: Unarmed           |    91 |   210 |    83 ||   384
       Flail             |       |       |     3 ||     3
Throw: Stone             |       |   117 |    42 ||   159
  Use: Scroll            |       |     4 |       ||     4
       Potion            |       |       |     1 ||     1
 Stab: Sleeping          |     1 |     1 |       ||     2
Armor: Robe              |    33 |    53 |    28 ||   114
Dodge: Dodged            |    40 |    75 |    24 ||   139
Block: Kite shield       |    22 |    61 |    25 ||   108
